 Dungeon Crawl Stone Soup version 0.28.0-47-ge53b351184 (webtiles) character file.

Game seed: 12503387428128437688

16976 101zpm the Thaumaturge (level 12, -1/73 HPs)
             Began as a Djinni Fire Elementalist on May 2, 2022.
             Was a Believer of Makhleb.
             Slain by an entropy weaver simulacrum (2 damage)
             ... in an ice cave.
             The game lasted 00:59:15 (18155 turns).

101zpm the Thaumaturge (Djinni Fire Elementalist)  Turns: 18155, Time: 00:59:16

Health: -1/73      AC:  5    Str:  7    XL:     12   Next: 76%
Gold:   637        EV: 12    Int: 22    God:    Makhleb [**....] SH:  0 Dex: 14

rFire   + + .      SeeInvis .   E - +2 spear (venom)
rCold   x . .      Faith    .   (no shield)
rNeg    + . .      Spirit   .   G - +0 troll leather armour
rPois   ∞          Reflect  .   t - +0 helmet
rElec   .          Harm     .   (no cloak)
rCorr   .          Rampage  .   (no gloves)
Will    +....                   (boots unavailable)
Stlth   ++........              F - amulet of regeneration
HPRegen 1.82/turn               u - ring of positive energy
MPRegen 0.00/turn               v - ring of wizardry

@: flying
A: sickness immunity, fire resistance 2, cold vulnerability 1, float, innate
caster, HP casting, extra vitality 1
a: Renounce Religion, Minor Destruction


You were in an ice cave.
You worshipped Makhleb.
Makhleb was pleased with you.
You visited 2 branches of the dungeon, and saw 13 of its levels.
You also visited: Ossuary and Ice Cave.

You collected 637 gold pieces.

Inventory:

Hand Weapons
 D - a +2 halberd
 E - a +2 spear of venom (weapon)
Armour
 t - a +0 helmet (worn)
 G - a +0 troll leather armour (worn)
Jewellery
 s - an amulet of reflection
 u - a ring of positive energy (left hand)
 v - a ring of wizardry (right hand)
 F - an amulet of regeneration (around neck)
 I - a ring of protection from cold
Wands
 C - a wand of mindburst (15)
 J - a wand of iceblast (3)
Scrolls
 d - 11 scrolls of teleportation
 e - 4 scrolls of fog
 f - 5 scrolls of blinking
 h - 2 scrolls of brand weapon
 j - 6 scrolls of enchant armour
 m - a scroll of silence
 o - a scroll of noise
 p - 3 scrolls of vulnerability
 q - 3 scrolls of immolation
 w - a scroll of magic mapping
 y - 3 scrolls of fear
 H - a scroll of summoning
 K - a scroll of enchant weapon {unknown}
Potions
 b - 3 potions of lignification {unknown}
 c - 2 potions of invisibility {unknown}
 g - 2 potions of attraction {unknown}
 i - 2 potions of brilliance {unknown}
 k - a potion of resistance {unknown}
 l - 3 potions of degeneration {unknown}
 n - 11 potions of curing {unknown}
 r - a potion of berserk rage {unknown}
 x - 3 potions of flight {unknown}
 z - 4 potions of heal wounds {unknown}
 A - 2 potions of haste


   Skills:
 + Level 1.5 Fighting
 + Level 1.9 Armour
 + Level 4.0 Dodging
 + Level 3.7 Stealth
 + Level 0.8 Shields
 + Level 0.8 Unarmed Combat
 + Level 14.8 Spellcasting


You had 13 spell levels left.
You knew the following spells:

 Your Spells              Type           Power      Damage    Failure   Level
a - Foxfire               Conj/Fire      100%       2x1d9     0%          1
b - Scorch                Fire           100%       2d10      0%          2
c - Conjure Flame         Conj/Fire      69%        6-21      1%          3
d - Inner Flame           Hex/Fire       69%        N/A       1%          3
e - Flame Wave            Conj/Fire      69%        2d13      1%          4
f - Sandblast             Erth           100%       2d20      0%          1
g - Passwall              Tmut/Erth      57%        N/A       0%          2
h - Confusing Touch       Hex            69%        N/A       1%          3
i - Cause Fear            Hex            34%        N/A       1%          4
j - Animate Armour        Summ/Erth      100%       N/A       1%          4
Your spell library was empty.

Dungeon Overview and Level Annotations

Branches:
Dungeon (12/15)            Temple (1/1) D:7            Lair (0/6) D:10
    Orc (0/2) D:12        Ossuary (visited)           IceCv (1/1)

Altars:
Ashenzari
Cheibriados
Dithmenos
Elyvilon
Fedhas
Gozag
Hepliaklqana
Kikubaaqudgha
Makhleb
Nemelex Xobeh
Okawaru
Qazlal
Ru
Sif Muna
Trog
Uskayaw
Vehumet
Wu Jian
Xom
Yredelemnul
Zin

Shops:
D:5 (   D:7 ?

Annotations:
D:8 2 transporters, DearestLeader's ghost, novice GnFi


Innate Abilities, Weirdness & Mutations

You are immune to sickness and miasma.
You are immune to poison.
Your flesh is very heat resistant. (rF++)
You are vulnerable to cold. (rC-)
You float through the air rather than walking.
You learn spells naturally, not from books.
Your magical power is your life essence.
You have superior vitality. (+4 MHP)


Message History

You conjure some foxfire!
Casting: Foxfire (safe; 0% risk of failure)
Confirm with . or Enter, or press ? or * to list all spells.
Aiming: Inner Flame (safe; 1% risk of failure)
Press: ? - help, Dir - move target, f - entropy weaver simulacrum
Aim: an entropy weaver simulacrum (chance to affect: 98%)
The entropy weaver simulacrum barely resists.
The foxfire hits the entropy weaver simulacrum!
The entropy weaver simulacrum melts!
The entropy weaver simulacrum is moderately damaged.
The foxfire hits the entropy weaver simulacrum.
The entropy weaver simulacrum melts!
The entropy weaver simulacrum is moderately damaged.
Casting: Foxfire (safe; 0% risk of failure)
Press: ? - help, Q - select action, (/) - cycle Dir - look around, f - activate You conjure some foxfire!
Casting: Foxfire (safe; 0% risk of failure)
Press: ? - help, Q - select action, (/) - cycle Dir - look around, f - activate You conjure some foxfire!
The foxfire hits the entropy weaver simulacrum.
The entropy weaver simulacrum melts!
The entropy weaver simulacrum is heavily damaged.
The foxfire hits the entropy weaver simulacrum!
The entropy weaver simulacrum melts!
The entropy weaver simulacrum is almost destroyed.
Casting: Foxfire (safe; 0% risk of failure)
Press: ? - help, Q - select action, (/) - cycle Dir - look around, f - activate You conjure some foxfire!
The foxfire hits the entropy weaver simulacrum.
The entropy weaver simulacrum melts!
The entropy weaver simulacrum is almost destroyed.
The foxfire hits the entropy weaver simulacrum but does no damage.
The entropy weaver simulacrum is almost destroyed.
The entropy weaver simulacrum hits you!
The entropy weaver simulacrum freezes you!!
You feel a terrible chill!
* * * LOW HITPOINT WARNING * * *
The entropy weaver simulacrum barely misses you.
The entropy weaver simulacrum hits you.
You die...

### ...
... #Z#
##.##
##.Z.##
#.§@v.#
##.§v##
#####


You could see a glowing shapeshifter simulacrum and an entropy weaver simulacrum
(ally target).

Vanquished Creatures
  Gastronok (D:8)
  A hydra (D:11)
  3 two-headed ogres
  Pikel (D:8)
  A cyclops (D:11)
  An unseen horror (D:11)
  2 rime drakes (D:12)
  A kobold demonologist (D:11)
  Prince Ribbit (D:7)
  5 trolls
  A wraith (D:11)
  2 shadows
  11 yaks
  A wyvern (D:6)
  Grum (D:8)
  A steam dragon (D:7)
  3 vampire mosquitoes (D:9)
  An acid dragon (D:11)
  A water moccasin (D:8)
  2 ice beasts
  6 orc warriors
  A black bear (D:8)
  3 ogres
  A necrophage (D:6)
  2 sky beasts
  8 wolves
  6 centaurs
  3 lemures (D:8)
  4 kobold brigands
  2 phantoms
  Blork the orc (D:4)
  6 bullfrogs
  14 scorpions
  11 killer bees (D:11)
  4 wights (D:7)
  A howler monkey (D:6)
  3 electric eels (D:10)
  4 centaur zombies
  5 human zombies (Ossuary)
  10 hounds
  A jelly (D:6)
  2 orc priests
  2 bullfrog skeletons
  A gnoll shaman (D:7)
  9 scorpion zombies (Ossuary)
  3 iguanas
  12 orc wizards
  A killer bee zombie (D:6)
  3 mummies (Ossuary)
  4 gnolls (D:7)
  6 adders
  A shadow imp (D:6)
  2 white imps
  An ufetubus (D:6)
  A worm (D:4)
  3 dart slugs
  25 orcs
  6 ball pythons
  3 bats
  9 endoplasms
  5 giant cockroaches
  9 goblins
  8 hobgoblins
  7 jackals
  3 quokkas
  A frilled lizard (D:1)
  2 goblin skeletons (D:5)
  A goblin zombie (Ossuary)
  4 hobgoblin zombies
  18 kobolds
  A kobold skeleton (D:5)
  2 kobold zombies (Ossuary)
  2 orc skeletons (D:5)
  4 orc zombies
  5 rats
303 creatures vanquished.

Vanquished Creatures (collateral kills)
  A yak (D:11)
1 creature vanquished.

Vanquished Creatures (others)
  1544 foxfires
  3 plants (D:8)
  5 withered plants (D:8)
1552 creatures vanquished.

Grand Total: 1856 creatures vanquished

Notes
Turn   | Place    | Note
-------+----------+-------------------------------------------
     0 | D:1      | 101zpm the Djinni Fire Elementalist began the quest for the
                  | Orb.
     0 | D:1      | Reached XP level 1. HP: 15/15 MP: 0/0
   843 | D:2      | Found a faded altar of an unknown god.
  1150 | D:1      | Reached XP level 2. HP: 17/21 MP: 0/0
  1479 | D:1      | Reached skill level 3 in Spellcasting
  1745 | D:1      | Reached XP level 3. HP: 21/25 MP: 0/0
  1745 | D:1      | Learned a level 1 spell: Sandblast
  1817 | D:1      | Found a shimmering altar of Xom.
  3155 | D:3      | Reached XP level 4. HP: 21/31 MP: 0/0
  4045 | D:3      | Reached XP level 5. HP: 30/35 MP: 0/0
  4045 | D:3      | Learned a level 2 spell: Passwall
  4341 | D:4      | Reached skill level 4 in Spellcasting
  4667 | D:4      | Noticed Blork the orc
  4672 | D:4      | Killed Blork the orc
  4673 | D:4      | Reached XP level 6. HP: 19/40 MP: 0/0
  4767 | D:4      | Noticed an ogre
  4772 | D:4      | Killed an ogre
  4773 | D:4      | Reached skill level 5 in Spellcasting
  4914 | D:4      | Found a broken altar of Ashenzari.
  5490 | D:4      | Reached XP level 7. HP: 34/45 MP: 0/0
  5490 | D:4      | Learned a level 3 spell: Confusing Touch
  5735 | D:4      | Found a glowing silver altar of Zin.
  6198 | D:5      | Entered Level 5 of the Dungeon
  6259 | D:5      | Reached skill level 6 in Spellcasting
  6591 | D:5      | Found a snail-covered altar of Cheibriados.
  6960 | D:5      | Reached XP level 8. HP: 32/50 MP: 0/0
  7465 | D:5      | Found Keottioqe's Antique Weapon Shoppe.
  7737 | D:6      | Reached skill level 7 in Spellcasting
  8215 | D:6      | Reached XP level 9. HP: 45/55 MP: 0/0
  8215 | D:6      | Learned a level 4 spell: Cause Fear
  8394 | D:6      | Reached skill level 8 in Spellcasting
  9046 | D:6      | Found a bloodstained altar of Trog.
  9084 | D:7      | Found a sand-covered staircase.
  9090 | Ossuary  | Entered an ossuary
  9867 | Ossuary  | Reached skill level 9 in Spellcasting
 10777 | Ossuary  | Reached skill level 1 in Fighting
 11183 | D:7      | Reached XP level 10. HP: 57/62 MP: 0/0
 11185 | D:7      | Noticed Prince Ribbit
 11191 | D:7      | Killed Prince Ribbit
 11192 | D:7      | Reached skill level 10 in Spellcasting
 12313 | D:7      | Found a staircase to the Ecumenical Temple.
 12382 | D:7      | Found Reopoyge's Magic Scroll Shoppe.
 12613 | D:8      | Reached skill level 11 in Spellcasting
 12804 | D:8      | Noticed DearestLeader's ghost (novice GnFi)
 12809 | D:8      | Found a transporter.
 12816 | D:8      | Found a transporter.
 12816 | D:8      | Noticed a two-headed ogre
 13083 | D:8      | Found a sparkling altar of Nemelex Xobeh.
 13408 | D:8      | Noticed Gastronok
 13430 | D:8      | Killed Gastronok
 13431 | D:8      | Reached XP level 11. HP: 16/67 MP: 0/0
 13431 | D:8      | Learned a level 4 spell: Animate Armour
 14259 | D:8      | Noticed Pikel
 14482 | D:8      | Killed Pikel
 14483 | D:8      | Reached skill level 12 in Spellcasting
 14822 | D:8      | Found a blossoming altar of Fedhas.
 14858 | D:8      | Noticed Grum
 14862 | D:8      | Killed Grum
 15273 | Temple   | Entered the Ecumenical Temple
 15385 | Temple   | Became a worshipper of Makhleb the Destroyer
 16484 | D:10     | Entered Level 10 of the Dungeon
 16508 | D:10     | Reached skill level 13 in Spellcasting
 16535 | D:10     | Reached * piety under Makhleb
 16598 | D:10     | Noticed a two-headed ogre
 16603 | D:10     | Killed a two-headed ogre
 16767 | D:10     | Noticed a two-headed ogre
 16779 | D:10     | Killed a two-headed ogre
 16780 | D:10     | Reached XP level 12. HP: 72/73 MP: 0/0
 16808 | D:10     | Found a staircase to the Lair.
 16833 | D:10     | Reached skill level 1 in Armour
 17329 | D:11     | Reached skill level 14 in Spellcasting
 17399 | D:11     | Noticed a seven-headed hydra
 17652 | D:11     | Killed a seven-headed hydra
 17652 | D:11     | Reached ** piety under Makhleb
 18068 | D:12     | Noticed a two-headed ogre
 18077 | D:12     | Killed a two-headed ogre
 18132 | D:12     | Found a frozen archway.
 18150 | IceCv    | Entered an ice cave
 18155 | IceCv    | HP: 1/73 [entropy weaver simulacrum (30)]
 18155 | IceCv    | Slain by an entropy weaver simulacrum

Illustrated notes

Levels and vault maps discovered:
D:1:      dpeg_arrival_lava_altar, layout_basic, minmay_pentomino_r4
D:2:      layout_loops_ring, ebering_ecumenical_altar_mist
D:3:      layout_loops_ring
D:4:      layout_cave_pools, zin_statuary, nicolae_ashenzari_panopticon,
          uniq_blork_the_orc
D:5:      layout_basic, nicolae_tso_besieged_by_evil, kennysheep_slug_shrine,
          serial_shops, shop_fountains, shop_statue,
          kennysheep_decorative_pillar, kennysheep_generic_room_13
D:6:      minmay_recursive_quarters, layout_rooms, pf_just_have_faith
D:7:      layout_rooms, minmay_temple_entry_poolview,
          nicolae_ossuary_entry_ruins, serial_shops, nicolae_shop_behind_doors,
          chequers_serial_rivers_micro_e, uniq_prince_ribbit1
D:8:      layout_loops_ring, nemelex_diamond_rough_becter,
          grunt_temple_overflow_growth_and_decay, gammafunk_ghost_smash,
          uniq_grum, uniq_gastronok, uniq_pikel
D:9:      layout_big_octagon, st_stairs_3
D:10:     layout_small_grid, erik_lair_island
D:11:     layout_cave_pools, minivault_5
D:12:     layout_rooms, portal_ice_cave_rime,
          nicolae_wu_jian_immortal_techniques
Temple:   eino_temple_lava
IceCv:    ice_cave_hellmonk_azure_passage

Skill      XL: |  1  2  3  4  5  6  7  8  9 10 11 12 |
---------------+-------------------------------------+-----
Spellcasting   | 3 4 5 6 7 9 11 13 14 | 14.8
Stealth        | 2 3 |  3.7
Fighting       | 1 |  1.5
Dodging        | 3 4 |  4.0
Armour         | 1 |  1.9
Shields        | |  0.8
Unarmed Combat | |  0.8

Action                   |  1- 3 |  4- 6 |  7- 9 | 10-12 || total
-------------------------+-------+-------+-------+-------++-------
Melee: Unarmed           |    14 |     1 |       |       ||    15
 Cast: Foxfire           |   129 |   105 |   289 |   440 ||   963
       Scorch            |     8 |     5 |    13 |    58 ||    84
       Inner Flame       |       |    21 |    87 |   127 ||   235
       Confusing Touch   |       |       |     1 |     3 ||     4
       Conjure Flame     |       |       |     1 |       ||     1
       Flame Wave        |       |       |       |     3 ||     3
       Animate Armour    |       |       |       |    39 ||    39
  Use: Scroll            |       |       |     7 |     7 ||    14
Armor: Robe              |     4 |       |     3 |     4 ||    11
       Troll leather arm |       |       |       |     9 ||     9
Dodge: Dodged            |    13 |       |     6 |    42 ||    61
Block: Other             |       |       |     4 |     7 ||    11
